[Event "Titled Tuesday Blitz June 13 Early 2023"]
[White "Girya, Olga"]
[Black "KorolDimitriy75"]
[WhiteFideId "4195752"]
[WhiteElo "2263"]
[BlackElo "2416"]
[Result "0-1"]
[Round "5"]
[TimeControl "180+2"]
[Date "2023.06.13"]
[WhiteClock "0:00:00"]
[BlackClock "0:00:03"]
[Board "139"]

1. d4 Nf6 2. Nf3 g6 3. Bg5 Bg7 4. Nbd2 c5 5. Bxf6 Bxf6 6. Ne4 Bxd4 7. Nxd4 cxd4 8. Qxd4 O-O 9. c4 Nc6 10. Qd2 d6 11. e3 Qa5 12. Nc3 Be6 13. Be2 Rfc8 14. b3 a6 15. Na4 Qc7 16. O-O Rab8 17. Nc3 Qa5 18. Rfd1 b5 19. cxb5 axb5 20. Rac1 b4 21. Nd5 Bxd5 22. Qxd5 Qxd5 23. Rxd5 Ne5 24. Rdd1 Ra8 25. Rxc8+ Rxc8 26. f4 Rc2 27. Kf1 Nd7 28. Rd4 Rxa2 29. Rxb4 Nc5 30. Rb8+ Kg7 31. b4 Ne4 32. b5 Ra1+ 33. Bd1 Rxd1+ 34. Ke2 Rb1 35. b6 e6 36. g4 d5 37. g5 h6 38. h4 h5 39. Kd3 Rb3+ 40. Kd4 Rb4+ 41. Ke5 Rb3 42. Kd4 Nd6 43. Kc5 Nc4 44. e4 Rxb6 45. Rxb6 Nxb6 0-1


[Site "https://www.chess.com"]

[Event "Titled Tuesday Blitz June 13 Early 2023"]
[White "Petrova, Irina"]
[Black "whiteglovethief"]
[WhiteFideId "14124122"]
[WhiteElo "2084"]
[BlackElo "2504"]
[Result "1-0"]
[Round "5"]
[TimeControl "180+2"]
[Date "2023.06.13"]
[WhiteClock "0:00:09"]
[BlackClock "0:00:00"]
[Board "140"]

1. e4 e6 2. d4 d5 3. Nc3 Bb4 4. Ne2 dxe4 5. a3 Be7 6. g4 e5 7. h3 exd4 8. Qxd4 Nc6 9. Qe3 Nf6 10. Bd2 O-O 11. O-O-O a6 12. Ng3 Be6 13. Bg2 Qd4 14. Ngxe4 Nxe4 15. Bxe4 Bc5 16. Qxd4 Nxd4 17. f4 f5 18. Bxb7 Rab8 19. Bg2 fxg4 20. hxg4 Bxg4 21. Rde1 Bf3 22. Bxf3 Nxf3 23. Re4 Nxd2 24. Kxd2 Rxb2 25. Nd5 Rd8 26. Kc3 Rb7 27. Ne7+ Kf7 28. Nc6 Rd6 29. Ne5+ Kg8 30. Nd3 Bxa3 31. Re8+ Kf7 32. Ra8 Rc6+ 33. Kd2 h6 34. Ne5+ Kf6 35. Nxc6 Rb6 36. Ne5 Kf5 37. Nc4 Bb4+ 38. c3 Rc6 39. cxb4 Rxc4 40. Rxa6 Rxb4 41. Rg1 g5 42. fxg5 hxg5 43. Ra5+ Kf4 44. Raxg5 Rb2+ 45. Kc3 Rh2 46. Rg7 c5 47. Rf1+ Ke5 48. Rd7 Rh4 49. Re1+ Kf6 50. Rd8 Ra4 51. Rf8+ Kg7 52. Rf2 1-0


[Site "https://www.chess.com"]

[Event "Titled Tuesday Blitz June 13 Early 2023"]
[White "Sharapov, Evgeny"]
[Black "Goswami, Vedant"]
[WhiteFideId "14103133"]
[BlackFideId "5003725"]
[WhiteElo "2367"]
[BlackElo "2011"]
[Result "1/2-1/2"]
[Round "5"]
[TimeControl "180+2"]
[Date "2023.06.13"]
[WhiteClock "0:00:19"]
[BlackClock "0:00:31"]
[Board "141"]

1. e4 e5 2. Nf3 Nc6 3. Bb5 a6 4. Ba4 Nf6 5. d3 b5 6. Bb3 Be7 7. O-O d6 8. h3 h6 9. a3 g5 10. Nc3 g4 11. hxg4 Bxg4 12. Be3 Rg8 13. Kh1 Nd4 14. Bxd4 exd4 15. Nd5 c6 16. Nxf6+ Bxf6 17. Qd2 Bxf3 18. gxf3 Be5 19. Qxh6 Rh8 20. Qxh8+ Bxh8 21. Rg1 Qh4+ 22. Kg2 Be5 23. Kf1 Ke7 24. Ke2 Rh8 25. a4 b4 26. Rg4 Qf6 27. Rag1 Rh4 28. Rxh4 Qxh4 29. Rg4 Qh2 30. a5 Bf4 31. Kf1 Qh1+ 32. Ke2 Qc1 33. Rg7 Qd2+ 34. Kf1 Qc1+ 35. Kg2 Qxb2 36. Rxf7+ Ke8 37. Rxf4 Qa3 38. Rf6 Qxa5 39. f4 Qb5 40. f5 a5 41. Re6+ Kd7 42. f6 Qg5+ 43. Kf1 Qc1+ 44. Ke2 Qf4 45. f7 Qg4+ 46. Ke1 Qg1+ 47. Kd2 Qg5+ 48. Kd1 Qg1+ 49. Ke2 Qg4+ 50. Kf1 Qd1+ 51. Kg2 Qg4+ 52. Kf1 Qd1+ 53. Kg2 Qg4+ 54. Kf1 1/2-1/2


[Site "https://www.chess.com"]

[Event "Titled Tuesday Blitz June 13 Early 2023"]
[White "Rosenberg, Evan S"]
[Black "kuanysh1981"]
[WhiteFideId "2019299"]
[WhiteElo "2364"]
[BlackElo "2501"]
[Result "0-1"]
[Round "5"]
[TimeControl "180+2"]
[Date "2023.06.13"]
[WhiteClock "0:00:39"]
[BlackClock "0:02:03"]
[Board "142"]

1. d4 Nf6 2. Bg5 e6 3. e4 h6 4. Bxf6 Qxf6 5. Nc3 Qd8 6. Qd2 d5 7. e5 c5 8. O-O-O cxd4 9. Qxd4 Nc6 10. Bb5 Bd7 11. Bxc6 bxc6 12. f4 c5 13. Qd3 Qb6 14. f5 Rb8 15. b3 c4 16. Qg3 Qa5 17. fxe6 Bxe6 18. Nge2 Bb4 19. Qxg7 Rf8 20. Na4 Ba3+ 21. Kb1 Qxa4 22. Rhf1 cxb3 23. axb3 Rxb3+ 0-1


[Site "https://www.chess.com"]

[Event "Titled Tuesday Blitz June 13 Early 2023"]
[White "Balla, Tamas-Kristof"]
[Black "The_Sherman_Variation"]
[WhiteFideId "1208497"]
[WhiteElo "2334"]
[BlackElo "2442"]
[Result "0-1"]
[Round "5"]
[TimeControl "180+2"]
[Date "2023.06.13"]
[WhiteClock "0:00:16"]
[BlackClock "0:00:03"]
[Board "143"]

1. e4 g6 2. d4 Bg7 3. Nc3 d6 4. f4 a6 5. Nf3 b5 6. Bd3 b4 7. Nd5 a5 8. c3 c6 9. Ne3 Nd7 10. O-O h5 11. e5 Nh6 12. Ng5 Nf8 13. f5 dxe5 14. fxg6 f6 15. Nf7 Nxf7 16. gxf7+ Kxf7 17. dxe5 Be6 18. Nf5 Qd5 19. exf6 exf6 20. Nxg7 Kxg7 21. Qe2 Re8 22. Qf2 Nd7 23. Qg3+ Kf7 24. Bg6+ Ke7 25. Bxe8 Rxe8 26. Bf4 Rg8 27. Qf2 Bh3 28. Bg3 Be6 29. Rad1 Qxa2 30. Rfe1 Kf7 31. cxb4 Bd5 32. Qe3 Ne5 33. Qh6 h4 34. Qxh4 Rg6 35. Qh7+ Rg7 36. Qf5 Qc4 37. Rxe5 Qxb4 38. Ree1 Qc5+ 39. Kh1 Qb4 40. Rf1 Qxb2 41. Be5 Qxg2# 0-1


[Site "https://www.chess.com"]

[Event "Titled Tuesday Blitz June 13 Early 2023"]
[White "Kubicka, Anna"]
[Black "Ardila, Oscar Humberto"]
[WhiteFideId "1152254"]
[BlackFideId "4404742"]
[WhiteElo "2144"]
[BlackElo "1912"]
[Result "1-0"]
[Round "5"]
[TimeControl "180+2"]
[Date "2023.06.13"]
[WhiteClock "0:00:05"]
[BlackClock "0:00:00"]
[Board "144"]

1. e4 e5 2. Nf3 Nf6 3. Nxe5 d6 4. Nf3 Nxe4 5. Nc3 Nxc3 6. dxc3 Be7 7. Bd3 O-O 8. Be3 Nd7 9. Qd2 Nf6 10. O-O-O c5 11. h3 b5 12. g4 Qa5 13. Kb1 Be6 14. c4 Qa6 15. Ng5 Bxc4 16. Bxc4 bxc4 17. Qc3 d5 18. Bf4 d4 19. Qf3 Rad8 20. Rhe1 Bd6 21. Ne4 Nxe4 22. Rxe4 Qb5 23. Bxd6 Rxd6 24. Ka1 Rb6 25. b3 c3 26. Qf4 Ra6 27. Qc1 Qa5 28. a4 Qb4 29. Ka2 Rb8 30. Qa3 Qb6 31. Rde1 h6 32. Re8+ Rxe8 33. Rxe8+ Kh7 34. Rc8 Qg6 35. Qc1 Ra5 36. Kb1 d3 37. cxd3 Qe6 38. Qxc3 Qxc8 39. Qxa5 Qd7 40. Qxc5 g6 41. Qc4 Kg7 42. f4 Qd6 43. Kb2 Qb6 44. Kc3 Qb7 45. Qd4+ Kh7 46. Qc4 Kg7 47. b4 Kh7 48. b5 Kg7 49. Qd4+ Kh7 50. Qf6 Qc7+ 51. Kb3 Kg8 52. Qd4 Qc1 53. Qxa7 Qb1+ 54. Kc4 Qc2+ 55. Kd4 Qb2+ 56. Kd5 Qb3+ 57. Kc6 Qxd3 58. Kb7 Qxh3 59. Qb8+ Kh7 60. Qc7 Kg7 61. Qe5+ Kg8 62. Qe8+ Kg7 63. Qe5+ Kg8 64. Qe8+ Kg7 65. Qd7 Qg2+ 66. Ka7 Qf2+ 67. b6 Qxf4 68. b7 Qe3+ 69. Ka8 Qe4 70. a5 h5 71. gxh5 gxh5 72. a6 h4 73. a7 h3 74. Kb8 Qf4+ 75. Qc7 Qxc7+ 76. Kxc7 h2 77. b8=Q h1=Q 78. a8=Q Qh2+ 79. Kb7 Qg2+ 80. Kb6 Qf2+ 81. Kc6 Qf3+ 82. Kd7 Qf5+ 83. Ke8 Qe6+ 84. Kd8 Qf6+ 85. Kc8 Qe6+ 86. Kb7 Qe7+ 87. Qc7 Qe4+ 88. Kb8 Qb4+ 89. Qab7 Qf8+ 90. Ka7 1-0


[Site "https://www.chess.com"]

[Event "Titled Tuesday Blitz June 13 Early 2023"]
[White "Vifleemskaia, Svetlana"]
[Black "gueraumasague"]
[WhiteFideId "4129490"]
[WhiteElo "1930"]
[BlackElo "2494"]
[Result "0-1"]
[Round "5"]
[TimeControl "180+2"]
[Date "2023.06.13"]
[WhiteClock "0:00:00"]
[BlackClock "0:00:05"]
[Board "145"]

1. d4 g6 2. c4 Bg7 3. e4 d6 4. Nc3 Nc6 5. d5 Nd4 6. Be3 c5 7. Nge2 Nxe2 8. Bxe2 Nf6 9. O-O O-O 10. h3 e6 11. Qd2 exd5 12. cxd5 Re8 13. Bd3 a6 14. a4 Bd7 15. a5 b5 16. axb6 Qxb6 17. Ra2 Bb5 18. Rb1 Bxd3 19. Qxd3 a5 20. Ra4 Qb3 21. Ra3 Qb6 22. Ra4 Nd7 23. f4 Qb3 24. Ra3 Qb6 25. Ra4 Rab8 26. b3 Qc7 27. Nb5 Qb6 28. Nc3 Rb7 29. Kh1 Nf6 30. Qc4 Reb8 31. e5 Ne8 32. Ne4 dxe5 33. Bxc5 Qb5 34. d6 Qd7 35. Rxa5 exf4 36. b4 h6 37. Qd5 Rc8 38. Rf1 g5 39. Ra2 Kh8 40. Re2 Rcb8 41. Nd2 Nf6 42. Qc4 Nh5 43. Rf3 Ng3+ 44. Kh2 Nxe2 45. Qxe2 Rxb4 46. Bxb4 Rxb4 47. Qd3 Rd4 48. Qa6 Rxd2 49. Qa8+ Kh7 50. Qe4+ f5 51. Qe7 Rxd6 0-1


[Site "https://www.chess.com"]

[Event "Titled Tuesday Blitz June 13 Early 2023"]
[White "rikchessmx"]
[Black "Zaitsev, Alexander"]
[BlackFideId "4164490"]
[WhiteElo "2310"]
[BlackElo "2373"]
[Result "1-0"]
[Round "5"]
[TimeControl "180+2"]
[Date "2023.06.13"]
[WhiteClock "0:00:52"]
[BlackClock "0:00:21"]
[Board "146"]

1. e4 c5 2. Nf3 g6 3. d4 cxd4 4. Qxd4 Nf6 5. e5 Nc6 6. Qc4 d5 7. exd6 Qxd6 8. Nc3 Be6 9. Qb5 Qb4 10. a3 Qxb5 11. Nxb5 O-O-O 12. Ng5 a6 13. Nxe6 fxe6 14. Nc3 Nd4 15. Rb1 Nxc2+ 16. Ke2 Bg7 17. g3 Nd5 18. Bh3 Nd4+ 19. Kf1 Nf5 20. Ne4 h6 21. Bd2 Nf6 22. Nxf6 exf6 23. Bc3 Kd7 24. Kg2 Ke7 25. Bb4+ Kf7 26. Rbc1 Rd7 27. Rhd1 Rhd8 28. Rxd7+ Rxd7 29. Rc8 Ne7 30. Ra8 Nd5 31. Bc5 f5 32. b4 Bf6 33. Kf1 Rd8 34. Ra7 Rd7 35. Bg2 Bb2 36. a4 Bc3 37. Bxd5 exd5 38. Ke2 Be5 39. Kd3 Ke6 40. f4 Bd6 41. Kd4 Bb8 42. Ra8 Rd8 43. Kd3 Kd7 44. Bd4 Kc7 45. Be5+ Kc6 46. Rxb8 Rd7 47. Rc8+ Kb6 48. Bd4# 1-0


[Site "https://www.chess.com"]

[Event "Titled Tuesday Blitz June 13 Early 2023"]
[White "Bruedigam, Martin"]
[Black "Putri, Regita Desyari"]
[WhiteFideId "24608033"]
[BlackFideId "7109083"]
[WhiteElo "2331"]
[BlackElo "1930"]
[Result "1-0"]
[Round "5"]
[TimeControl "180+2"]
[Date "2023.06.13"]
[WhiteClock "0:01:49"]
[BlackClock "0:00:00"]
[Board "147"]

1. d4 Nf6 2. c4 e6 3. Nc3 Bb4 4. Bd2 O-O 5. Nf3 c5 6. dxc5 Bxc5 7. g3 b6 8. Bg2 Bb7 9. O-O h6 10. Qc2 Nc6 11. a3 a5 12. Rad1 Qe7 13. Na4 d6 14. e3 Rfd8 15. Bc3 Rac8 16. Rd2 d5 17. Nxc5 Qxc5 18. Bxf6 gxf6 19. cxd5 Qxc2 20. Rxc2 Rxd5 21. Rfc1 Rdd8 22. Ne1 Rd6 23. b4 axb4 24. axb4 b5 25. Rc5 Kg7 26. h4 Rc7 27. Rxb5 Rdd7 28. Rbc5 1-0


[Site "https://www.chess.com"]

[Event "Titled Tuesday Blitz June 13 Early 2023"]
[White "Zhukov, Maksim"]
[Black "Gonzalez Zamora, Juan Carlos"]
[WhiteFideId "34181790"]
[BlackFideId "3507548"]
[WhiteElo "1925"]
[BlackElo "2522"]
[Result "1-0"]
[Round "5"]
[TimeControl "180+2"]
[Date "2023.06.13"]
[WhiteClock "0:01:06"]
[BlackClock "0:00:37"]
[Board "148"]

1. d4 Nf6 2. Bf4 c5 3. e3 Qb6 4. Nc3 d6 5. dxc5 Qxc5 6. Nf3 g6 7. Bb5+ Bd7 8. Bxd7+ Nbxd7 9. O-O Bg7 10. Qd4 O-O 11. Qxc5 Nxc5 12. Nb5 a6 13. Na3 b5 14. c3 Rac8 15. Rad1 Na4 16. Rd2 Ne4 17. Re2 b4 18. cxb4 Bxb2 19. Nc2 Nac3 20. Ree1 Nxa2 21. Ncd4 e5 22. Bh6 exd4 23. Bxf8 Kxf8 24. exd4 d5 25. Re2 Bxd4 26. Rxa2 Ba7 27. Rxa6 Bb8 28. g3 Bd6 29. b5 Bc5 30. Ne5 Kg7 31. Rc6 Rb8 32. Rc7 Kf6 33. Nd7+ 1-0


[Site "https://www.chess.com"]

[Event "Titled Tuesday Blitz June 13 Early 2023"]
[White "LangesNasenhaar"]
[Black "Tuleyeva-Aketayeva, Dana"]
[BlackFideId "13701932"]
[WhiteElo "2459"]
[BlackElo "2030"]
[Result "1-0"]
[Round "5"]
[TimeControl "180+2"]
[Date "2023.06.13"]
[WhiteClock "0:01:03"]
[BlackClock "0:00:09"]
[Board "149"]

1. d4 Nf6 2. Nc3 e6 3. Bf4 Bb4 4. Qd3 O-O 5. e4 d5 6. e5 Ne4 7. a3 Bxc3+ 8. bxc3 Qh4 9. g3 Qe7 10. f3 g5 11. Bc1 f5 12. fxe4 fxe4 13. Qe3 h6 14. h4 Qf7 15. Be2 g4 16. Bxg4 Qf1+ 17. Kd2 Qg2+ 18. Ne2 Qxh1 19. Qxh6 e3+ 20. Qxe3 Qe4 21. Qg5+ Kf7 22. Bh5+ 1-0


[Site "https://www.chess.com"]

[Event "Titled Tuesday Blitz June 13 Early 2023"]
[White "Lima, Kleyton Alcantara"]
[Black "Ciuffoletti, Paolo"]
[WhiteFideId "22718397"]
[BlackFideId "807630"]
[WhiteElo "2009"]
[BlackElo "2143"]
[Result "0-1"]
[Round "5"]
[TimeControl "180+2"]
[Date "2023.06.13"]
[WhiteClock "0:01:30"]
[BlackClock "0:00:16"]
[Board "150"]

1. d4 d5 2. c4 c6 3. Nf3 Nf6 4. e3 Bf5 5. Nc3 e6 6. Nh4 Bg6 7. Be2 Ne4 8. Nxg6 Nxc3 9. bxc3 hxg6 10. cxd5 exd5 11. O-O Bd6 12. g3 Nd7 13. c4 Nf6 14. cxd5 cxd5 15. Bb5+ Kf8 16. a4 Qc8 17. Ba3 Bxa3 18. Rxa3 Qh3 19. Re1 Qxh2+ 20. Kf1 Ne4 21. Ra2 Nxg3+ 22. fxg3 Qxa2 23. Re2 Rh1+ 24. Kg2 Rxd1 25. Rxa2 Rc8 26. a5 Rc3 27. Re2 Rdc1 28. Kf3 R3c2 29. a6 bxa6 30. Bxa6 Rxe2 31. Kxe2 Ra1 32. Bb7 Ra5 33. Kd3 Ke7 34. Kc3 Kd6 35. Kb4 Ra1 36. Kc3 a5 37. e4 Ra3+ 38. Kb2 Rxg3 39. Bxd5 f5 40. Bb7 fxe4 41. Bxe4 Rg4 42. Bc2 Rxd4 43. Bxg6 Rg4 44. Bf5 Rg3 45. Ka2 g5 46. Kb2 g4 47. Kc2 0-1


[Site "https://www.chess.com"]

[Event "Titled Tuesday Blitz June 13 Early 2023"]
[White "Bashirli, Saadat"]
[Black "Sanchez, Robert"]
[WhiteFideId "13429990"]
[BlackFideId "2034360"]
[WhiteElo "1408"]
[BlackElo "1911"]
[Result "1-0"]
[Round "5"]
[TimeControl "180+2"]
[Date "2023.06.13"]
[WhiteClock "0:00:26"]
[BlackClock "0:00:06"]
[Board "152"]

1. d4 Nf6 2. e3 d5 3. f4 b6 4. Bd3 Ba6 5. Nf3 Bxd3 6. cxd3 e6 7. Nc3 Be7 8. O-O O-O 9. e4 dxe4 10. dxe4 c5 11. d5 exd5 12. exd5 a6 13. a4 Re8 14. Ne5 Bd6 15. Nc4 Qc7 16. Qf3 Nbd7 17. b3 Rab8 18. Ne3 b5 19. axb5 axb5 20. Nf5 b4 21. Qg3 g6 22. Nd1 Nb6 23. Bb2 Nbxd5 24. Qg5 Be7 25. Re1 Rb6 26. Be5 Qd7 27. Nh6+ Kf8 28. Nf2 Ne4 29. Qg4 Qxg4 30. Nfxg4 f5 31. Ra7 Nec3 32. Nf2 Bf6 33. Rf7# 1-0


[Site "https://www.chess.com"]

[Event "Titled Tuesday Blitz June 13 Early 2023"]
[White "Chuemsakul, Sarocha"]
[Black "Stoyanov, Tsvetan"]
[WhiteFideId "6203710"]
[BlackFideId "2917173"]
[WhiteElo "1686"]
[BlackElo "2349"]
[Result "1/2-1/2"]
[Round "5"]
[TimeControl "180+2"]
[Date "2023.06.13"]
[WhiteClock "0:00:05"]
[BlackClock "0:00:03"]
[Board "153"]

1. d4 d5 2. c4 e5 3. dxe5 d4 4. Nf3 Nc6 5. a3 Nge7 6. e3 Bg4 7. Be2 dxe3 8. Bxe3 Qxd1+ 9. Bxd1 Ng6 10. h3 Bxf3 11. Bxf3 Ngxe5 12. Be2 O-O-O 13. Nd2 Nd4 14. Rc1 Bc5 15. b4 Nxe2 16. Kxe2 Bxe3 17. fxe3 Rhe8 18. Rc3 Ng6 19. Nf3 Nf4+ 20. Kf2 Nd3+ 21. Ke2 Ne5 22. Nxe5 Rxe5 23. Rf1 f6 24. Rd3 Rde8 25. Rf4 c6 26. Rfd4 R5e7 27. c5 Kc7 28. Kf3 b6 29. Rc4 Re5 30. cxb6+ axb6 31. Rcd4 R8e7 32. g4 c5 33. Rc4 Kb7 34. bxc5 bxc5 35. Ra4 R5e6 36. Rb3+ Rb6 37. Rc3 Kc6 38. Ra5 Re5 39. Ra7 Rb7 40. Ra6+ Kb5 41. Ra8 Rc7 42. Rb8+ Kc6 43. Rcb3 c4 44. Rc3 Kd6 45. Rb4 Rec5 46. a4 Ke5 47. h4 Kd5 48. h5 Ra7 49. Kf4 Re7 50. Kf3 f5 51. g5 Rec7 52. Kf4 g6 53. hxg6 hxg6 54. Rb6 R7c6 55. Rb8 Re6 56. Rd8+ Kc6 57. Rg8 Re4+ 58. Kf3 Re6 59. Kf4 Kd5 60. Rd8+ Rd6 61. Rf8 Re6 62. Rd8+ 1/2-1/2


[Site "https://www.chess.com"]

[Event "Titled Tuesday Blitz June 13 Early 2023"]
[White "Itgelt, Khuyagtsogt"]
[Black "Slavin, Alexey"]
[WhiteFideId "4902912"]
[BlackFideId "24104388"]
[WhiteElo "2227"]
[BlackElo "2264"]
[Result "1-0"]
[Round "5"]
[TimeControl "180+2"]
[Date "2023.06.13"]
[WhiteClock "0:01:10"]
[BlackClock "0:00:40"]
[Board "154"]

1. b3 Nf6 2. Bb2 Nc6 3. Nf3 d6 4. d4 Bg4 5. d5 Nb8 6. Nd4 c6 7. h3 Bd7 8. dxc6 Nxc6 9. e3 Nxd4 10. Qxd4 g6 11. Be2 Bg7 12. Qd1 O-O 13. O-O Rc8 14. c4 a6 15. Nd2 Bc6 16. a4 Ne4 17. Bxg7 Nxd2 18. Bxf8 Nxf1 19. Bxe7 Nxe3 20. Bxd8 Nxd1 21. Bf6 Nxf2 22. Kxf2 Re8 23. Bf3 Re6 24. Bc3 f5 25. b4 g5 26. b5 axb5 27. axb5 Bxf3 28. gxf3 Kf7 29. Ra7 Re7 30. Bb4 Ke6 31. Ra2 Rc7 32. Rc2 h5 33. Ke3 Ke5 34. Bc3+ Ke6 35. Kd4 f4 36. Bb4 b6 37. Re2+ Kf5 38. Bxd6 Rd7 39. Kd5 g4 40. hxg4+ hxg4 41. Re5+ Kf6 42. fxg4 1-0


[Site "https://www.chess.com"]

[Event "Titled Tuesday Blitz June 13 Early 2023"]
[White "Jain Kashish Manoj"]
[Black "Shapiro, Daniel"]
[WhiteFideId "35081098"]
[BlackFideId "2001780"]
[WhiteElo "2181"]
[BlackElo "2341"]
[Result "1-0"]
[Round "5"]
[TimeControl "180+2"]
[Date "2023.06.13"]
[WhiteClock "0:00:14"]
[BlackClock "0:00:00"]
[Board "155"]

1. e4 e5 2. Nf3 Nc6 3. Bc4 Be7 4. O-O Nf6 5. d3 d6 6. a4 a6 7. Re1 O-O 8. c3 h6 9. Nbd2 Be6 10. h3 g6 11. Nf1 Kg7 12. Bxe6 fxe6 13. d4 exd4 14. cxd4 d5 15. exd5 exd5 16. Ng3 Bd6 17. Ne5 Ne7 18. Qc2 Rc8 19. h4 c5 20. Nxg6 cxd4 21. Rxe7+ Bxe7 22. Nf5+ Kh7 23. Nxf8+ Qxf8 24. Qd3 Kg8 25. Bxh6 Qf7 26. Re1 Bc5 27. Bg5 Ne4 28. Nh6+ 1-0


[Site "https://www.chess.com"]

[Event "Titled Tuesday Blitz June 13 Early 2023"]
[White "Schnaider, Ilan"]
[Black "Bintang, Rasyid A. Hidayat"]
[WhiteFideId "169013"]
[BlackFideId "7105355"]
[WhiteElo "2224"]
[BlackElo "2336"]
[Result "1-0"]
[Round "5"]
[TimeControl "180+2"]
[Date "2023.06.13"]
[WhiteClock "0:00:04"]
[BlackClock "0:00:08"]
[Board "156"]

1. e4 d5 2. exd5 Nf6 3. d4 Nxd5 4. Nf3 Bg4 5. Bc4 e6 6. O-O Be7 7. c3 O-O 8. Re1 c5 9. dxc5 Bxc5 10. Nbd2 Nc6 11. Ne4 Be7 12. h3 Bh5 13. Ng3 Bg6 14. a4 Rc8 15. Ba2 Bf6 16. Qe2 a6 17. Be3 Nxe3 18. Qxe3 Qd3 19. Qb6 Qd7 20. Rad1 Qc7 21. Qe3 Rfd8 22. Ne2 h6 23. Nf4 Bf5 24. g4 Bh7 25. Nh5 Qe7 26. Qf4 Rxd1 27. Rxd1 Bg5 28. Qg3 Rd8 29. Re1 g6 30. h4 Bd2 31. Rd1 gxh5 32. Rxd2 Rxd2 33. gxh5+ Kf8 34. Nxd2 Qd7 35. Qf4 Kg7 36. Nf3 Qd1+ 37. Kg2 Bf5 38. Qg3+ Kf8 39. Qf4 Kg7 40. Bc4 Qxa4 41. b3 Qa5 42. Qg3+ Kf8 43. Nd2 Qe5 44. Qf3 Qf6 45. Qf4 Ne5 46. Be2 Bh3+ 47. Kg3 Qxh4+ 48. Qxh4 Bf5 49. Qf6 1-0


[Site "https://www.chess.com"]

[Event "Titled Tuesday Blitz June 13 Early 2023"]
[White "Venkatesh, M.R."]
[Black "De La Villa Garcia, Jesus Maria"]
[WhiteFideId "5005779"]
[BlackFideId "2200040"]
[WhiteElo "2450"]
[BlackElo "2334"]
[Result "0-1"]
[Round "5"]
[TimeControl "180+2"]
[Date "2023.06.13"]
[WhiteClock "0:00:00"]
[BlackClock "0:00:25"]
[Board "157"]

1. Nf3 d5 2. g3 Nc6 3. Bg2 e5 4. d3 Be6 5. Nbd2 f6 6. e4 Bc5 7. c3 Nge7 8. O-O O-O 9. b4 Bb6 10. a4 a6 11. Bb2 Kh8 12. b5 Na5 13. Ba3 Re8 14. Qc2 Qd7 15. c4 dxc4 16. dxc4 Rad8 17. c5 Ba7 18. Bb4 b6 19. c6 Qd3 20. Rfc1 Nc8 21. Ra3 Qxc2 22. Rxc2 Nd6 23. Bf1 axb5 24. axb5 Kg8 25. Nh4 g6 26. Ng2 Kf7 27. Ne3 f5 28. Nec4 Bxc4 29. Nxc4 Ndxc4 30. Bxc4+ Kf6 31. Bd5 fxe4 32. Bxe4 Rd4 33. Bxa5 bxa5 34. Re2 Bb6 35. Rf3+ Kg7 36. Bc2 Rb4 37. Re4 Rxb5 38. Rd3 Re7 39. Rd7 Rxd7 40. cxd7 Rd5 41. Rxe5 Rxd7 42. Ba4 Rd2 43. Re7+ Kf6 44. Re8 Kf7 45. Rh8 Rxf2 0-1


[Site "https://www.chess.com"]

[Event "Titled Tuesday Blitz June 13 Early 2023"]
[White "drdaro"]
[Black "Shuvalov, Evgenij"]
[BlackFideId "4187237"]
[WhiteElo "2331"]
[BlackElo "2080"]
[Result "0-1"]
[Round "5"]
[TimeControl "180+2"]
[Date "2023.06.13"]
[WhiteClock "0:00:25"]
[BlackClock "0:00:53"]
[Board "158"]

1. d4 Nf6 2. Nf3 d5 3. g3 Bf5 4. Bg2 e6 5. O-O Be7 6. c4 c6 7. Nc3 h6 8. b3 Nbd7 9. Bb2 O-O 10. Re1 Bb4 11. a3 Bxc3 12. Bxc3 Ne4 13. Bb2 a5 14. Nd2 Ndf6 15. Nf1 Bh7 16. f3 Nd6 17. Nd2 dxc4 18. bxc4 Qb6 19. Rb1 Bxb1 20. Qxb1 Nf5 21. e3 c5 22. g4 Nh4 23. Bf1 Rfd8 24. Qc2 a4 25. Bc3 Qc6 26. Be2 Nxg4 27. d5 exd5 28. fxg4 d4 29. Qe4 dxc3 30. Qxc6 cxd2 31. Rd1 bxc6 0-1


[Site "https://www.chess.com"]

[Event "Titled Tuesday Blitz June 13 Early 2023"]
[White "Palencia Morales, Wilson Guillermo"]
[Black "Gertler, David"]
[WhiteFideId "4401859"]
[BlackFideId "2017377"]
[WhiteElo "2144"]
[BlackElo "2330"]
[Result "1-0"]
[Round "5"]
[TimeControl "180+2"]
[Date "2023.06.13"]
[WhiteClock "0:02:38"]
[BlackClock "0:01:27"]
[Board "159"]

1. d4 Nf6 2. c4 Nc6 3. Nf3 e6 4. g3 Bb4+ 5. Nbd2 d5 6. Bg2 dxc4 7. O-O Bxd2 8. Qxd2 Rb8 9. a4 a6 10. a5 b5 11. axb6 cxb6 12. Qc2 Nxd4 13. Nxd4 Qxd4 14. Be3 Qd8 15. Bf4 Bb7 16. Rfd1 Qc8 17. Bxb8 Bxg2 18. Kxg2 Qxb8 19. Qxc4 Qb7+ 20. f3 1-0


[Site "https://www.chess.com"]

[Event "Titled Tuesday Blitz June 13 Early 2023"]
[White "Simonovic, Miroslav"]
[Black "Srdanovic, Jovana"]
[WhiteFideId "919152"]
[BlackFideId "954810"]
[WhiteElo "2075"]
[BlackElo "2155"]
[Result "0-1"]
[Round "5"]
[TimeControl "180+2"]
[Date "2023.06.13"]
[WhiteClock "0:00:02"]
[BlackClock "0:00:29"]
[Board "160"]

1. d4 d5 2. Bg5 Nf6 3. Bxf6 exf6 4. e3 f5 5. c4 c6 6. cxd5 cxd5 7. g3 g6 8. Bg2 Be6 9. Nc3 Nc6 10. Nge2 Qd7 11. O-O Bh6 12. a3 O-O 13. b4 Rac8 14. Na4 b6 15. Qb3 f4 16. Nxf4 Bxf4 17. gxf4 Ne7 18. Rfc1 Bh3 19. Qd1 Bxg2 20. Kxg2 Nf5 21. Nc3 Nh4+ 22. Kg3 Nf5+ 23. Kg2 Qe6 24. h3 Rc4 25. Qg4 Rfc8 26. Na2 h5 27. Qd1 Qe4+ 28. Kh2 Nh4 29. Kg3 Qg2+ 30. Kxh4 Qxf2+ 31. Kg5 Kg7 32. Qg1 f6# 0-1


[Site "https://www.chess.com"]

[Event "Titled Tuesday Blitz June 13 Early 2023"]
[White "Golubev, Mikhail"]
[Black "Jiganchine, Roman"]
[WhiteFideId "14100983"]
[BlackFideId "2603667"]
[WhiteElo "2374"]
[BlackElo "2301"]
[Result "0-1"]
[Round "5"]
[TimeControl "180+2"]
[Date "2023.06.13"]
[WhiteClock "0:00:00"]
[BlackClock "0:00:27"]
[Board "161"]

1. e4 c6 2. d4 d5 3. Nc3 dxe4 4. Nxe4 Nf6 5. Nxf6+ exf6 6. c3 Bd6 7. Bd3 Na6 8. Ne2 Nc7 9. O-O Nd5 10. c4 Nb4 11. Bb1 O-O 12. a3 Na6 13. b4 b5 14. cxb5 cxb5 15. Qd3 g6 16. Qxb5 Rb8 17. Qd3 Nc7 18. Qd1 Re8 19. Bd3 Nd5 20. h3 Bc7 21. Bd2 Qd6 22. Ng3 h5 23. Re1 Bd7 24. Qc2 Kg7 25. Nf1 Bb6 26. Be3 Rbc8 27. Qd2 g5 28. Ng3 Nxe3 29. Rxe3 Bxd4 30. Rxe8 Rxe8 31. Bf5 Bc6 32. Nxh5+ Kf8 33. Rd1 Rd8 34. Kh1 Qd5 0-1


[Site "https://www.chess.com"]

[Event "Titled Tuesday Blitz June 13 Early 2023"]
[White "Gonzalez Vega, Alejandro"]
[Black "Peycheva, Gergana"]
[WhiteFideId "3510042"]
[BlackFideId "2916711"]
[WhiteElo "2294"]
[BlackElo "2216"]
[Result "1-0"]
[Round "5"]
[TimeControl "180+2"]
[Date "2023.06.13"]
[WhiteClock "0:01:09"]
[BlackClock "0:00:01"]
[Board "162"]

1. e4 c5 2. Nf3 Nc6 3. d4 cxd4 4. c3 dxc3 5. Nxc3 e6 6. Bc4 a6 7. O-O b5 8. Bb3 Bb7 9. Qe2 Na5 10. Bc2 Rc8 11. Rd1 Ne7 12. Bg5 f6 13. Bf4 Ng6 14. Bg3 Nc4 15. Bb3 Be7 16. a4 Qb6 17. axb5 axb5 18. Nxb5 Qxb5 19. Ba4 Qb4 20. Bxd7+ Kf7 21. b3 Nb6 22. Bxc8 Rxc8 23. Nd4 e5 24. Nf5 Na8 25. Nxe7 Nxe7 26. f3 Bc6 27. Ra7 Nc7 28. Qc4+ Kf8 29. Qxb4 1-0


[Site "https://www.chess.com"]